 Dungeon Crawl Stone Soup version 0.31.0-11-ge490571c62 (webtiles) character file.

Game seed: 9471648067387698802

2534 thirtiethelement the Ducker (level 9, -1/68 HPs)
             Began as a Demonspawn Monk on Jan 29, 2024.
             Was an Elder of Okawaru.
             Slain by a gnoll sergeant
             ... wielding a +0 spear
              (11 damage)
             ... on level 7 of the Dungeon.
             The game lasted 00:13:38 (5918 turns).

thirtiethelement the Ducker (Demonspawn Monk)       Turns: 5918, Time: 00:13:38

Health: -1/68      AC: 10    Str: 11    XL:     9   Next: 30%
Magic:  8/9        EV: 15    Int: 11    God:    Okawaru [****..]
Gold:   383        SH:  0    Dex: 26    Spells: 8/8 levels left

rFire   . . .        i - +2 dagger (elec)
rCold   + . .        d - orb {light}
rNeg    . . .        r - +1 ring mail {rC+}
rPois   .            (helmet restricted)
rElec   .            (no cloak)
rCorr   .            g - +0 pair of gloves
SInv    .            (no boots)
Will    .....        (no amulet)
Stlth   +            h - +4 ring of slaying
HPRegen 0.31/turn    u - +6 ring of dexterity
MPRegen 0.11/turn

%: no passive effects
@: glowing
A: antennae 2, molten scales 1, ignite blood 1, powered by pain 2
a: Renounce Religion, Heroism, Finesse


You were on level 7 of the Dungeon.
You worshipped Okawaru.
Okawaru was greatly pleased with you.
You visited 2 branches of the dungeon, and saw 8 of its levels.
You also visited: Sewer.

You collected 383 gold pieces.

Inventory:

Hand Weapons
 i - a +2 dagger of electrocution (weapon)
 A - a +3 vampiric dagger
Missiles
 n - 5 boomerangs (quivered)
Armour
 d - an orb of light (worn)
 g - a +0 pair of gloves (worn)
 r - a +1 ring mail of cold resistance (worn)
Jewellery
 h - a +4 ring of slaying (left hand)
 u - a +6 ring of dexterity (right hand)
 v - a +6 ring of intelligence
 y - a ring of magical power
Wands
 k - a wand of mindburst (13)
 z - a wand of quicksilver (18)
 B - a wand of flame (26)
 C - a wand of polymorph (10)
Scrolls
 a - 3 scrolls of fear {unknown}
 j - 2 scrolls of teleportation {unknown}
 q - 2 scrolls of revelation {unknown}
 s - 2 scrolls of blinking {unknown}
 w - a scroll of enchant weapon
Potions
 b - a potion of berserk rage
 c - a potion of ambrosia
 e - 3 potions of heal wounds
 f - a potion of lignification
 l - 3 potions of enlightenment
 m - a potion of haste {unknown}
 o - a potion of magic {unknown}
 p - 3 potions of curing
 t - a potion of attraction {unknown}
 x - a potion of might {unknown}


   Skills:
 + Level 5.0 Fighting
 + Level 5.7(6.2) Short Blades
 + Level 3.4(5.1) Long Blades
 + Level 2.7 Throwing
 + Level 5.8 Armour
 + Level 5.9 Dodging
 + Level 2.4 Stealth
 + Level 0.1 Invocations


You had 8 spell levels left.
You didn't know any spells.
Your spell library contained the following spells:

 Spells                   Type           Power      Damage    Failure   Level
 Blink                    Tloc           0%         N/A       75%         2
 Lesser Beckoning         Tloc           0%         N/A       75%         2
 Momentum Strike          Conj/Tloc      0%         3d8       75%         2
 Dazzling Flash           Conj/Hex       0%         N/A       92%         3
 Frozen Ramparts          Ice            0%         1d1       92%         3
 Inner Flame              Hex/Fire       0%         N/A       92%         3
 Volatile Blastmotes      Fire/Tloc      0%         2d10      92%         3
 Dimensional Bullseye     Hex/Tloc       0%         N/A       100%        4
 Flame Wave               Conj/Fire      0%         2d4       100%        4
 Iskenderun's Mystic Bla  Conj/Tloc      0%         2d3       100%        4
 Leda's Liquefaction      Alch/Erth      0%         N/A       100%        4
 Petrify                  Alch/Erth      0%         N/A       100%        4
 Sticky Flame             Fire/Alch      0%         2d4       100%        4
 Metabolic Englaciation   Hex/Ice        0%         N/A       100%        5
 Starburst                Conj/Fire      0%         6d3       100%        6
 Maxwell's Capacitive Co  Air            0%         ∞         100%        8
 Tukima's Dance           Hex            Unusable   N/A       N/A         3

Dungeon Overview and Level Annotations

Branches:
Dungeon (7/15)             Temple (1/1) D:4           Sewer (visited)

Altars:
Ashenzari
Cheibriados
Dithmenos
Fedhas
Gozag
Kikubaaqudgha
Makhleb
Nemelex Xobeh
Okawaru
Qazlal
Ru
Sif Muna
Trog
Uskayaw
Vehumet
Xom
Yredelemnul

Shops:
D:5 :


Innate Abilities, Weirdness & Mutations

You have a pair of antennae on your head.
You are partially covered in molten scales. (AC +2)
Your demonic aura sometimes causes spilled blood to erupt in flames.
You sometimes gain power by taking damage.


Message History

You hit the gnoll.
The gnoll is almost dead.
You hit the gnoll but do no damage.
The gnoll is almost dead.
The gnoll completely misses you. The gnoll sergeant misses you.
You hit the gnoll but do no damage.
The gnoll is almost dead.
You hit the gnoll but do no damage.
The gnoll is almost dead.
The gnoll closely misses you. The gnoll sergeant closely misses you.
You hit the gnoll but do no damage.
The gnoll is almost dead.
You hit the gnoll but do no damage.
The gnoll is almost dead.
You feel like a meek peon again. The gnoll misses you.
The gnoll sergeant misses you.
You hit the gnoll but do no damage.
The gnoll is almost dead.
The gnoll completely misses you.
The gnoll sergeant hits you with a +0 spear.
* * * LOW HITPOINT WARNING * * *
You puncture the gnoll!
You kill the gnoll!
Okawaru accepts your kill.
You hit the gnoll sergeant but do no damage.
The gnoll sergeant barely misses you.
You hit the gnoll sergeant.
You feel better.
The gnoll sergeant is moderately wounded.
The gnoll sergeant hits you but does no damage.
You feel the dreadful sensation subside.
You hear the crackle of electricity.
i - a +2 dagger of electrocution (weapon)
You barely miss the gnoll sergeant.
The gnoll sergeant is moderately wounded.
The gnoll sergeant hits you with a +0 spear!
* * * LOW HITPOINT WARNING * * *
You hit the gnoll sergeant.
The gnoll sergeant is moderately wounded.
The gnoll sergeant hits you with a +0 spear!
You die...

........######......########
##..###.# ######..........
##..# #.# .................
##..# #.# #######.#.######
##..# #.# ##.#.# ..... ...
##....#
###.###.########.#[#.# # #.
#.#.)....g)).#.# #
#.#.######@###.### # #.#
#.)...... #.#
####.###.####.# #.#
#............. #.#
#..###....### #.#
#.#...#..#...# #.#
#.#.⌠.#..# .# #.###.#...#≈≈#
#.##..~###~≈≈~#


You could see a gnoll sergeant.

Vanquished Creatures
  Duvessa (D:6)
  A sky beast (D:6)
  2 black bears (D:5)
  2 ice beasts (D:5)
  An ogre (D:5)
  The ghost of uncleiroh the Trooper, an amateur DsBe of Trog (D:3)
  A centaur (D:7)
  A phantom (D:6)
  A kobold brigand (D:7)
  2 bullfrogs (Sewer)
  2 scorpions
  Dowan (D:6)
  A howler monkey (D:6)
  An electric eel (D:7)
  8 crimson imps (D:6)
  A bombardier beetle (D:3)
  3 quasits (D:3)
  6 hounds
  2 orc priests
  An iguana (D:5)
  2 sleepcaps
  3 orc wizards
  9 gnolls
  13 adders
  A shadow imp (D:6)
  2 white imps
  2 ufetubi (D:5)
  9 dart slugs
  4 ribbon worms
  14 orcs
  4 bats
  7 endoplasms
  12 giant cockroaches
  8 goblins
  6 hobgoblins
  8 jackals
  12 kobolds
  7 quokkas
  8 ball pythons
  10 frilled lizards
  7 rats
187 creatures vanquished.

Notes
Turn   | Place    | Note
-------+----------+-------------------------------------------
     0 | D:1      | thirtiethelement the Demonspawn Monk began the quest for
                  | the Orb.
     0 | D:1      | Reached XP level 1. HP: 18/18 MP: 1/1
    59 | D:1      | Gained mutation: You have a pair of small antennae on your
                  | head. [demonic ancestry]
    59 | D:1      | Reached XP level 2. HP: 24/24 MP: 2/2
   835 | D:2      | Gained mutation: You are partially covered in molten
                  | scales. (AC +2) [demonic ancestry]
   835 | D:2      | Reached XP level 3. HP: 29/29 MP: 3/3
  1481 | D:2      | Reached XP level 4. HP: 36/36 MP: 4/4
  1616 | D:3      | Reached skill level 1 in Short Blades
  1715 | D:3      | Reached skill level 1 in Armour
  1716 | D:3      | Found a transporter.
  1722 | D:3      | Noticed uncleiroh's ghost (amateur DsBe)
  1728 | D:3      | Gained mutation: You have a pair of antennae on your head.
                  | [demonic ancestry]
  1728 | D:3      | Reached XP level 5. HP: 42/42 MP: 5/5
  1770 | D:3      | Found a transporter.
  2399 | D:3      | Killed uncleiroh's ghost
  2400 | D:3      | Reached skill level 1 in Stealth
  2400 | D:3      | Gained mutation: You sometimes gain a little power by
                  | taking damage. [demonic ancestry]
  2400 | D:3      | Reached XP level 6. HP: 48/48 MP: 6/6
  2467 | D:4      | Found a sparkling altar of Nemelex Xobeh.
  2748 | D:4      | Found a staircase to the Ecumenical Temple.
  2756 | Temple   | Entered the Ecumenical Temple
  2811 | Temple   | Became a worshipper of Warmaster Okawaru
  2811 | Temple   | Reached * piety under Okawaru
  2811 | Temple   | Reached ** piety under Okawaru
  3253 | D:4      | Gained mutation: Your demonic aura sometimes causes spilled
                  | blood to erupt in flames. [demonic ancestry]
  3253 | D:4      | Reached XP level 7. HP: 43/54 MP: 7/7
  3321 | D:5      | Entered Level 5 of the Dungeon
  3521 | D:5      | Found a hide-covered altar of Uskayaw.
  3521 | D:5      | Found a blossoming altar of Fedhas.
  3633 | D:5      | Found Emiph's Vocational Training.
  3689 | D:5      | Reached *** piety under Okawaru
  3692 | D:5      | HP: 1/55 [ogre/+0 giant club (27)]
  3705 | D:5      | Gained mutation: You sometimes gain power by taking damage.
                  | [demonic ancestry]
  3705 | D:5      | Reached XP level 8. HP: 4/61 MP: 5/8
  3905 | D:5      | Found a glowing drain.
  3915 | Sewer    | Entered a sewer
  4138 | Sewer    | Reached skill level 1 in Throwing
  4656 | D:5      | Reached skill level 5 in Dodging
  4711 | D:5      | Reached skill level 5 in Armour
  4981 | D:6      | Reached skill level 5 in Short Blades
  5011 | D:6      | Reached **** piety under Okawaru
  5293 | D:6      | Reached XP level 9. HP: 67/67 MP: 9/9
  5496 | D:6      | Noticed Dowan
  5497 | D:6      | Noticed Duvessa
  5505 | D:6      | Killed Duvessa
  5515 | D:6      | Killed Dowan
  5875 | D:7      | Reached skill level 5 in Fighting
  5918 | D:7      | Slain by a gnoll sergeant

Illustrated notes

Levels and vault maps discovered:
D:1:      wander_arrival_fairy_ring, layout_loops_corners
D:2:      layout_basic, serial_bayou_pond_e, columned_hall_lemuel
D:3:      layout_basic, gammafunk_ghost_stat_death, minmay_parallelograms,
          serial_bayou_lake_a
D:4:      minmay_angry_zag, layout_cave_pools, mainiacjoe_overflow_boulevard,
          minmay_temple_entry_ruins, kennysheep_path_1
D:5:      layout_loops_ring, nicolae_overflow_two_pavilions,
          portal_sewer_entry_d, nicolae_shop_vocational
D:6:      layout_loops_cross, minmay_nine_imps, uniq_duvessa
D:7:      layout_loops_ring, nicolae_tso_swordbearing_angel, fountainhead,
          chequers_guarded_unrand_ignorance
Temple:   bh_familiar_temple

Skill      XL: |  1  2  3  4  5  6  7  8  9 |
---------------+----------------------------+-----
Long Blades    | 3 |  3.4
Dodging        | 3 4 5 |  5.9
Short Blades   | 1 3 4 5 |  5.7
Armour         | 1 2 3 4 5 |  5.8
Fighting       | 4 5 |  5.0
Stealth        | 1 2 |  2.4
Throwing       | 2 |  2.7
Invocations    | |  0.1

Action                     |  1- 3 |  4- 6 |  7- 9 || total
---------------------------+-------+-------+-------++-------
  Melee: Falchion          |    34 |       |       ||    34
         Dagger            |    79 |   127 |   310 ||   516
  Throw: Boomerang         |       |       |    23 ||    23
 Invoke: Heroism           |       |       |     2 ||     2
    Use: Scroll            |       |     3 |     3 ||     6
         Potion            |       |     1 |       ||     1
   Stab: Sleeping          |     1 |       |       ||     1
 Armour: Robe              |    14 |       |       ||    14
         Ring mail         |    34 |    85 |   155 ||   274
  Dodge: Dodged            |    61 |    83 |   188 ||   332
